 Dungeon Crawl Stone Soup version 0.20.1-1-g8b1a95d (console) character file.

1085 hilaritas the Slasher (level 8, -7/54 HPs)
             Began as an Octopode Fighter on Mar 12, 2018.
             Was an Initiate of Sif Muna.
             Mangled by a manticore (24 damage)
             ... on level 6 of the Dungeon.
             The game lasted 00:12:38 (5496 turns).

hilaritas the Slasher (Octopode Fighter)            Turns: 5496, Time: 00:12:39

Health: -7/54      AC:  1    Str: 21    XL:     8   Next: 30%
Magic:  10/10      EV: 12    Int: 11    God:    Sif Muna [......]
Gold:   122        SH: 13    Dex: 12    Spells: 10/10 levels left

rFire    . . .     SeeInvis +   a - +1 long sword
rCold    . . .     Gourm    .   b - +1 shield
rNeg     + . .     Faith    .   (helmet restricted)
rPois    .         Spirit   .   x - +2 amulet of reflection
rElec    .         Reflect  +   u - ring of positive energy
rCorr    .         Harm     .   q - ring of see invisible
MR       .....                  (no ring)
Stlth    ++++......             (no ring)
Regen    0.2/turn               (no ring)
MPRegen  0.2/turn               (no ring)
                                (no ring)
                                (no ring)

@: mighty, barbed spikes, drained
A: almost no armour, stealthy swim, amphibious, 8 rings, constrict 8, camouflage
1, gelatinous body 1
a: Renounce Religion


You were on level 6 of the Dungeon.
You worshipped Sif Muna.
Sif Muna was noncommittal.
You were hungry.

You visited 1 branch of the dungeon, and saw 6 of its levels.

You collected 346 gold pieces.
You spent 224 gold pieces at shops.

Inventory:

Hand Weapons
 a - a +1 long sword (weapon)
 e - a +0 dagger
Missiles
 g - 85 arrows
 j - 205 stones (quivered)
Armour
 b - a +1 shield (worn)
Jewellery
 q - a ring of see invisible (right tentacle)
 u - a ring of positive energy (left tentacle)
 x - a +2 amulet of reflection (around mantle)
 y - an uncursed ring of wizardry
Wands
 k - a wand of paralysis (22/24)
 B - a wand of random effects (9/48)
Scrolls
 f - 3 scrolls of identify
 l - 4 scrolls of remove curse
 t - 3 scrolls of fear
 v - a scroll of fog
 A - a scroll of teleportation
 C - a scroll of amnesia
 D - a scroll of enchant armour
Potions
 h - a potion of berserk rage
 i - a potion of haste
 n - 3 potions of curing
 o - 2 potions of resistance
 p - a potion of magic
 r - a potion of brilliance
 s - 2 potions of lignification
 E - a potion of mutation
 F - a potion of cancellation
Comestibles
 d - 6 bread rations
 m - 5 meat rations
 w - 7 chunks of flesh
 z - a royal jelly


   Skills:
 * Level 4.8 Fighting
 + Level 6.1 Long Blades
 - Level 3.0(2.9) Dodging
 - Level 5.8 Stealth
 * Level 4.5 Shields
 * Level 1.9 Spellcasting
 * Level 2.1(2.0) Invocations


You had 10 spell levels left.
You didn't know any spells.

Dungeon Overview and Level Annotations

Branches:
Dungeon (6/15)             Temple (0/1) D:6

Altars:
Cheibriados
Elyvilon
Makhleb
Nemelex Xobeh
Okawaru
Sif Muna

Shops:
D:6 *


Innate Abilities, Weirdness & Mutations

You cannot wear most types of armour.
You are very stealthy in the water. (Stealth+)
You are amphibious.
You can wear up to eight rings at the same time.
You can use your tentacles to constrict eight enemies at once.
Your skin changes colour to match your surroundings (Stealth+).
Your rubbery body absorbs attacks. (AC +1, EV +1)


Message History

Unknown command.
You hit the wight. You grab the wight.
The wight is moderately damaged.
You constrict the wight. You block the wight's attack.
You hit the wight but do no damage.
The wight is moderately damaged.
You constrict the wight.
The wight hits you with an enchanted mace.
You partially resist.
You feel drained.
You slash the wight!
You destroy the wight!
Sif Muna accepts your kill.
You feel very mighty all of a sudden. The manticore bites you!!
The manticore closely misses you. You block the manticore's attack.
You are feeling hungry.
You slash the manticore!
The manticore is moderately wounded.
The manticore bites you!!
You die...

#......##.# #.......##.#
#.####..#.###..#.#####.#
#..............#.......#
#.####.####.##........##
### #.# #.####.###...####
#.. #.# #.# #.##.....<.#
#.# #.# #.# #.##[....#.#
#.# #.# #.#
#.##.......####.# #.# #.#
................
...###.#####.#.#.#...####.#
.#.....zrH@.#####..#.# #.#
# ##♣.zz####.###.#.#.# #)#
♣♣ ##.#..#.#.# #.#
##.#.#.#.# #.# #...#..#.#
#.# #'####...# #.#
+∩+.#.#### ... #'##.# ...
#.##.# ... #....# ####.#


You could see a manticore, 3 wights and a quokka.

Vanquished Creatures
  An ice beast (D:5)
  2 ogres
  2 centaurs
  A scorpion (D:6)
  A wight (D:6)
  A crimson imp (D:6)
  3 orc priests
  A hound (D:6)
  3 orc wizards
  An iguana (D:4)
  7 worker ants
  A worker ant zombie (D:5)
  4 adders
  A shadow imp (D:5)
  An ooze (D:2)
  2 worms (D:2)
  2 dart slugs
  4 leopard geckos
  8 orcs
  4 ball pythons
  6 giant cockroaches
  11 goblins
  2 hobgoblins
  3 jackals (D:6)
  12 kobolds
  7 bats
  7 frilled lizards
  8 rats
106 creatures vanquished.

Notes
Turn   | Place    | Note
-------+----------+-------------------------------------------
     0 | D:1      | hilaritas the Octopode Fighter began the quest for the Orb.
     0 | D:1      | Reached XP level 1. HP: 16/16 MP: 1/1
   239 | D:1      | Reached skill level 1 in Stealth
   285 | D:1      | Reached XP level 2. HP: 21/21 MP: 2/2
   874 | D:1      | Reached XP level 3. HP: 24/26 MP: 3/3
  1925 | D:2      | Reached XP level 4. HP: 22/31 MP: 4/4
  2390 | D:3      | Reached skill level 3 in Long Blades
  2397 | D:3      | Found a sparkling altar of Nemelex Xobeh.
  2612 | D:3      | Reached XP level 5. HP: 36/36 MP: 5/5
  2895 | D:4      | Found a burning altar of Makhleb.
  2917 | D:4      | Noticed an ogre
  2923 | D:4      | Killed an ogre
  2923 | D:4      | Reached skill level 4 in Long Blades
  3140 | D:4      | Reached XP level 6. HP: 34/42 MP: 6/6
  3225 | D:4      | Found a snail-covered altar of Cheibriados.
  3256 | D:4      | Reached skill level 5 in Stealth
  3490 | D:5      | Entered Level 5 of the Dungeon
  3713 | D:5      | Found a white marble altar of Elyvilon.
  3761 | D:5      | Found a deep blue altar of Sif Muna.
  3761 | D:5      | Noticed an ice beast
  3770 | D:5      | Killed an ice beast
  3770 | D:5      | Reached skill level 5 in Long Blades
  3770 | D:5      | Reached XP level 7. HP: 16/47 MP: 7/7
  3781 | D:5      | Became a worshipper of Sif Muna the Loreminder
  4228 | D:5      | Found an iron altar of Okawaru.
  4295 | D:5      | Found a burning altar of Makhleb.
  4487 | D:5      | Reached skill level 1 in Invocations
  4690 | D:5      | Reached skill level 1 in Spellcasting
  5151 | D:6      | Reached XP level 8. HP: 54/54 MP: 10/10
  5303 | D:6      | Found a staircase to the Ecumenical Temple.
  5397 | D:6      | Reached skill level 6 in Long Blades
  5477 | D:6      | Found Rubufrom's General Store.
  5480 | D:6      | Bought a potion of mutation for 112 gold pieces
  5480 | D:6      | Bought a potion of cancellation for 112 gold pieces
  5487 | D:6      | Noticed a manticore
  5496 | D:6      | Mangled by a manticore

Skill      XL: |  1  2  3  4  5  6  7  8 |
---------------+-------------------------+-----
Stealth        | 1 3 4 5 |  5.8
Long Blades    | 3 4 5 6 |  6.1
Shields        | 4 |  4.5
Fighting       | 4 |  4.8
Invocations    | 1 2 |  2.1
Spellcasting   | 1 |  1.9
Dodging        | |  3.0

Action                   |  1- 3 |  4- 6 |  7- 9 || total
-------------------------+-------+-------+-------++-------
Melee: Long sword        |    73 |    82 |    73 ||   228
       Constrict         |    16 |    20 |    14 ||    50
       Tentacles         |    12 |    22 |    16 ||    50
Throw: Stone             |       |     3 |       ||     3
  Use: Scroll            |     6 |     6 |     5 ||    17
       Potion            |       |     1 |     1 ||     2
 Stab: Sleeping          |    11 |    13 |    13 ||    37
  Eat: Chunk             |     3 |     6 |     3 ||    12
       Royal jelly       |       |       |     1 ||     1
Armor: Skin              |       |     3 |     5 ||     8
Dodge: Dodged            |    22 |    39 |    21 ||    82
Block: Shield            |    18 |    25 |    32 ||    75
       Rpst.: Long sword |     4 |    10 |     5 ||    19
